 Dungeon Crawl Stone Soup version 0.20-a0-1065-g8446734 (webtiles) character file.

536964 graki42 the Gargoyle Barricade (level 25, -9/172 HPs)
             Began as a Gargoyle Fighter on Apr 28, 2017.
             Was a High Priest of Okawaru.
             Splashed by a lich's acid (12 damage)
             ... on level 2 of the Tomb of the Ancients.
             The game lasted 04:12:47 (54763 turns).

graki42 the Gargoyle Barricade (Gargoyle Fighter)  Turns: 54763, Time: 04:12:48

Health: -9/172     AC: 59    Str: 36    XL:     25   Next: 84%
Magic:  25/25      EV: 10    Int:  9    God:    Okawaru [*****.]
Gold:   4908       SH: 39    Dex: 17    Spells: 24/24 levels left

rFire    + + +     SeeInvis .   I - +6 morningstar "Hosiocek" {holy, +Blink rF+}
rCold    + . .     Gourm    .   K - +2 large shield
rNeg     + + +     Faith    .   S - +1 crystal plate armour
rPois    ∞         Spirit   .   V - +0 hat of the First Snow {Regen+}
rElec    +         Reflect  +   Q - +0 cloak "Wyratila" {rN+}
rCorr    .         Harm     .   n - +2 pair of gloves {Dex+3}
MR       ++...                  N - +5 pair of boots "Evupuschoxt" {rC++ Stlth+}
Stlth    ..........             T - brooch of Shielding {Reflect SH+8}
Regen    0.8/turn               Y - ring of Conformity {*Drain rF+ rN+ Dex+4 Stlth-}
MPRegen  0.2/turn               D - ring "Avumuum" {rF+ rC- MR+ Str+8 Int-3}

@: about to teleport, flying
A: big wings, talons 1, negative energy resistance 1, electricity resistance,
unbreathing, petrification resistance, rot immunity, AC +19
}: 3/15 runes: decaying, silver, gossamer
a: Stop Flying, Heroism, Finesse, Renounce Religion, Evoke Blink


You were on level 2 of the Tomb of the Ancients.
You worshipped Okawaru.
Okawaru was extremely pleased with you.
You were not hungry.

You visited 10 branches of the dungeon, and saw 45 of its levels.
You also visited: Labyrinth, Sewer and Ice Cave.

You collected 7895 gold pieces.
You spent 2987 gold pieces at shops.

Inventory:

Hand Weapons
 I - the +6 morningstar "Hosiocek" (weapon) {holy, +Blink rF+}
   (Okawaru gifted it to you on level 1 of the Vaults)

   It has been blessed by the Shining One to cause great damage to the undead
   and demons.
   It protects you from fire.
   It lets you blink.
 L - a +2 vampiric demon whip
Armour
 n - a +2 pair of gloves of dexterity (worn)
 K - a +2 large shield (worn)
 N - the +5 pair of boots "Evupuschoxt" (worn) {rC++ Stlth+}
   (Okawaru gifted it to you on level 2 of the Orcish Mines)

   It greatly protects you from cold.
   It makes you more stealthy.
 Q - the +0 cloak "Wyratila" (worn) {rN+}
   (You found it on level 5 of the Lair of Beasts)

   It protects you from negative energy.
 R - a scarf of resistance
 S - a +1 crystal plate armour (worn)
 V - the +0 hat of the First Snow (worn) {Regen+}
   (Okawaru gifted it to you on level 6 of the Lair of Beasts)

   It increases your rate of regeneration.
Jewellery
 w - an uncursed ring of protection from fire
 z - an uncursed ring of protection from magic
 B - an uncursed ring of resist corrosion
 D - the ring "Avumuum" (right hand) {rF+ rC- MR+ Str+8 Int-3}
   (You acquired it on level 1 of the Lair of Beasts)

   [ring of protection from magic]

   It affects your strength (+8).
   It affects your intelligence (-3).
   It protects you from fire.
   It makes you vulnerable to cold.
   It affects your resistance to hostile enchantments.
 G - an uncursed ring of ice
 T - the brooch of Shielding (around neck) {Reflect SH+8}
   (You took it off an orc on level 5 of the Vaults)

   [amulet of reflection]

   It shields you and reflects attacks.
   It affects your SH (+8).
 Y - the ring of Conformity (left hand) {*Drain rF+ rN+ Dex+4 Stlth-}
   (You found it on level 3 of the Crypt)

   [ring of positive energy]

   It affects your dexterity (+4).
   It protects you from fire.
   It protects you from negative energy.
   It causes draining when unequipped.
   It makes you less stealthy.
Wands
 P - a wand of digging (13/24)
Scrolls
 a - a scroll of recharging
 h - 16 scrolls of remove curse
 i - 8 scrolls of blinking
 p - a scroll of fog
 s - 3 scrolls of silence
 t - 11 scrolls of magic mapping
 A - 13 scrolls of teleportation
 H - 8 scrolls of identify
Potions
 c - a potion of invisibility
 d - 13 potions of might
 g - a potion of cancellation
 l - 14 potions of curing
 m - 3 potions of haste
 x - 5 potions of heal wounds
 C - a potion of magic
 F - 6 potions of agility
 Z - a potion of resistance
Comestibles
 f - 21 bread rations
 r - 23 fruits


   Skills:
 + Level 21.7 Fighting
 + Level 20.9 Maces & Flails
 * Level 19.6 Armour
 + Level 3.4 Dodging
 + Level 3.9 Stealth
 O Level 27 Shields
 + Level 3.3 Invocations
 + Level 0.6 Evocations


You had 24 spell levels left.
You didn't know any spells.

Dungeon Overview and Level Annotations

Branches:
Dungeon (15/15)            Temple (1/1) D:5            Lair (6/6) D:9
  Swamp (4/4) Lair:2       Spider (4/4) Lair:3        Slime (0/5) Lair:6
    Orc (2/2) D:11            Elf (3/3) Orc:2        Vaults (5/5) D:14
  Crypt (3/3) Vaults:2       Tomb (2/3) Crypt:3      Depths (0/5) D:15

Altars:
Ashenzari
Cheibriados
Dithmenos
Elyvilon
Fedhas
Gozag
Hepliaklqana
Kikubaaqudgha
Makhleb
Nemelex Xobeh
Okawaru
Qazlal
Ru
Sif Muna
Trog
Uskayaw
Vehumet
Wu Jian
Xom
Yredelemnul
Zin
The Shining One

Shops:
D:5 *   D:9 !   D:12 (   Orc:2 [(}%*   Elf:1 %   Elf:2 (   Vaults:2 ?
Vaults:5 ???!%?%?

Portals:
Pandemonium: Orc:2


Innate Abilities, Weirdness & Mutations

You are resistant to torment.
Your stone body is resilient. (AC +19)
You are immune to poison.
Your large and strong wings let you fly indefinitely.
You resist negative energy. (rN+)
You are resistant to electric shocks. (rElec)
You can survive without breathing.
You are immune to petrification.
You are immune to rotting.
You have sharp toenails.


Message History

You block the lich's attack. You block the quasit's attack. x2
The quasit claws you but does no damage.
The greater mummy calls on the powers of darkness!
Your body is wracked with pain!
* * * LOW HITPOINT WARNING * * *
A mummy comes into view.
You completely miss the lich.
The lich is moderately damaged.
You block the lich's attack. You block the quasit's attack. x2
The quasit claws you but does no damage.
The mummy priest prays to its god.
The ushabti shakes and rattles deafeningly!
You hear a chilling moan.
You closely miss the lich.
The lich is moderately damaged.
The lich gestures at you while chanting.
The bolt of acid hits you!
* * * LOW HITPOINT WARNING * * *
You are splashed with acid!
The acid burns!
You die...

##...#...##
##.....$...###...#
.##...........##..n#
...................#
.................M.#
.........M...M.....#
#......Z.M##MM..#
#...@.5M..##{ZM.#
#...5L....##{zW.#
#.........##.##.#
#....W....##Z...#
#M.M.8W...##.zs.#
#.M..M..3.##3Z..#
.....zZZM........#
.M....M.MMM.......#
....5.............#


You could see 3 greater mummies, a lich, an ancient champion, 2 mummy priests, a
soul eater, a flayed ghost, 3 guardian mummies, an ushabti, a hungry ghost, 6
mummies, a quasit, a shadow imp, a fire giant zombie, a stone giant skeleton and
a fire giant skeleton.

Vanquished Creatures
  An ancient lich (Crypt:3)
  Mara (Tomb:1)
  A greater mummy (Tomb:1)
  Sojobo (Crypt:3)
  Frederick (Crypt:3)
  Saint Roka (Vaults:2)
  A bone dragon (Crypt:3)
  A golden dragon (Vaults:5)
  Arachne (Spider:2)
  Jorgrun (Crypt:1)
  3 tentacled monstrosities (Vaults:5)
  Rupert (D:14)
  Asterion (Vaults:3)
  6 liches
  A titan (Vaults:5)
  2 deep elf master archers (Elf:3)
  An ancient champion (Crypt:1)
  2 deep elf blademasters (Elf:3)
  13 sphinxes
  2 storm dragons (Vaults:5)
  Kirke (Spider:3)
  4 shadow dragons
  3 thorn hunters
  Roxanne (Spider:4)
  6 tengu reavers
  4 revenants
  15 vault wardens
  7 frost giants
  An iron dragon (Vaults:5)
  9 deep elf sorcerers
  4 fire giants
  3 ghost moths (Spider:4)
  3 emperor scorpions
  Aizul (Spider:3)
  5 ghouls (Crypt:3)
  A caustic shrike zombie (Crypt:1)
  A curse skull (Crypt:1)
  5 stone giants
  2 deep elf elementalists (Elf:3)
  2 very ugly things (IceCv)
  3 entropy weavers
  5 war gargoyles
  21 ironheart preservers
  8 deep elf demonologists
  2 bennus (Tomb:1)
  5 vampire knights
  Nessos (D:13)
  9 deep elf annihilators
  2 spark wasps (Spider:4)
  A dire elephant (Lair:6)
  A minotaur (Lab)
  3 eidola
  5 mummy priests
  6 fire dragons
  20 deep elf death magi
  8 ettins
  A quicksilver dragon zombie (Crypt:3)
  4 great orbs of eyes
  4 crystal guardians
  Josephine (Lair:6)
  10 ogre magi
  28 vault guards
  16 yaktaur captains
  2 jiangshi (Crypt:1)
  3 deep elf high priests
  Harold (Lair:1)
  Fannar (D:11)
  5 ice dragons
  2 rakshasas
  2 quicksilver dragon skeletons
  25 hydras
  An anaconda (shapeshifter) (Vaults:4)
  Erica (D:8)
  2 catoblepae
  12 centaur warriors
  6 death knights
  36 dancing weapons
  2 ghost crabs
  29 two-headed ogres
  3 deep troll shamans
  11 alligators
  8 death scarabs (Tomb:1)
  8 death yaks (Lair:6)
  2 titan zombies
  7 vampire magi
  3 deep troll earth magi
  7 small abominations
  Nergalle (Lair:1)
  Urug (D:14)
  5 orc high priests (Orc:2)
  25 deep elf knights
  A large abomination (Vaults:2)
  A spriggan berserker (Swamp:4)
  6 hell knights (Crypt:3)
  40 skeletal warriors
  3 soul eaters
  A fire crab (shapeshifter) (Vaults:1)
  3 shadow wraiths
  A spriggan druid (Swamp:3)
  An anaconda zombie (Crypt:1)
  4 wizards
  A golden dragon zombie (Tomb:1)
  3 unseen horrors
  3 flayed ghosts
  15 deep elf archers
  An unseen horror (shapeshifter) (D:14)
  10 deep trolls
  9 shambling mangroves
  13 swamp dragons
  2 torturous demonspawn (Orc:2)
  2 shadow dragon zombies (Crypt:3)
  10 necromancers
  16 ironbrand convokers
  A mana viper (shapeshifter) (Vaults:5)
  8 phantasmal warriors
  14 orb spiders
  21 orc knights
  71 deep elf magi
  3 harpies (Vaults:1)
  A frost giant zombie (Vaults:5)
  12 orc sorcerers
  38 wolf spiders
  A manticore (D:11)
  5 cyclopes
  3 moths of wrath
  A shadow dragon skeleton (Crypt:3)
  Joseph (D:8)
  An elephant (shapeshifter) (Vaults:3)
  9 elephants
  24 ugly things
  A dire elephant zombie (Tomb:1)
  3 centaur zombies
  5 ice statues (IceCv)
  A black mamba (Lair:1)
  2 fire giant skeletons (Crypt:1)
  A frost giant skeleton (Crypt:3)
  20 vault sentinels
  A torpor snail (Spider:1)
  An alligator snapping turtle zombie (Crypt:1)
  A torpor snail (shapeshifter) (Elf:3)
  Maurice (D:10)
  A shock serpent skeleton (Crypt:3)
  17 spiny frogs
  2 rime drakes
  An elephant slug zombie (Crypt:1)
  10 guardian mummies
  41 yaktaurs
  A kobold demonologist (D:13)
  17 freezing wraiths
  4 komodo dragons
  A yaktaur (shapeshifter) (Vaults:2)
  17 demonic crawlers
  3 anaconda simulacra (IceCv)
  An efreet (D:9)
  An ice devil (Orc:2)
  The ghost of Yermak the Cleaver, a novice TeBe of Trog (D:5)
  A golden dragon simulacrum (IceCv)
  A pale draconian skeleton (Crypt:2)
  23 hornets
  A polar bear (shapeshifter) (D:15)
  6 tyrant leeches
  A queen bee (Orc:1)
  4 trolls
  A tengu conjurer (D:13)
  32 jumping spiders
  5 polar bears
  A tengu simulacrum (Vaults:5)
  24 slime creatures
  13 bog bodies
  2 slime creatures (shapeshifter) (Vaults:5)
  A dream sheep (shapeshifter) (Vaults:5)
  2 harpy skeletons
  An ice dragon zombie (Crypt:1)
  19 blink frogs
  2 ettin zombies (Vaults:5)
  9 hippogriffs
  A tarantella zombie (Crypt:1)
  Prince Ribbit (Lair:1)
  A minotaur skeleton (Lab)
  2 fire dragon zombies
  2 air elementals (Elf:1)
  A shock serpent simulacrum (Crypt:1)
  2 ice dragon skeletons
  A meliai zombie (D:14)
  44 flying skulls
  26 tarantellas
  9 spriggans
  A vampire (D:13)
  2 shadows
  62 redbacks
  4 water elementals
  A tarantella (shapeshifter) (Vaults:2)
  12 wraiths
  4 wyverns
  An ushabti (Tomb:2)
  A dire elephant simulacrum (IceCv)
  66 yaks
  A basilisk (shapeshifter) (Vaults:3)
  A golden eye (shapeshifter) (Vaults:2)
  6 hogs
  17 humans
  2 steam dragons
  3 fire elementals
  5 basilisks
  2 yaktaur simulacra
  A human (shapeshifter) (Vaults:3)
  7 vampire mosquitoes
  A merfolk zombie (Crypt:1)
  6 hungry ghosts
  3 harpy simulacra (IceCv)
  A deep troll zombie (Crypt:2)
  3 acid dragons
  8 insubstantial wisps
  6 wargs
  26 swamp worms
  2 soldier ants (D:13)
  11 water moccasins
  A floating eye (shapeshifter) (Vaults:5)
  12 porcupines
  13 swamp drakes
  An ogre skeleton (Vaults:1)
  A spiny frog zombie (Tomb:1)
  A black bear (shapeshifter) (Elf:2)
  Duvessa (D:7)
  Purgy (Sewer)
  5 sky beasts
  50 orc warriors
  An eye of draining (D:15)
  13 ice beasts
  An ice dragon simulacrum (Tomb:1)
  A swamp dragon zombie (Crypt:1)
  An ettin simulacrum (IceCv)
  A swamp drake (shapeshifter) (Vaults:4)
  6 black bears
  4 necrophages
  2 manticore zombies
  3 phantoms
  30 ogres
  13 centaurs
  A human skeleton (Vaults:1)
  8 crocodiles
  19 wolves
  A snapping turtle skeleton (Crypt:3)
  5 big kobolds
  13 bullfrogs
  Dowan (D:7)
  2 earth elementals (Elf:2)
  2 wyvern zombies
  A wyvern skeleton (D:11)
  4 scorpions
  An elf simulacrum (Vaults:1)
  24 killer bees (Orc:1)
  A shapeshifter zombie (Crypt:1)
  21 wights
  An electric eel (Lair:6)
  2 howler monkeys (D:9)
  A polar bear skeleton (Crypt:1)
  9 crimson imps
  A quasit (D:11)
  A basilisk zombie (Crypt:1)
  2 bullfrog zombies
  10 hounds
  9 jellies
  29 orc priests
  Crazy Yiuf (D:3)
  A basilisk skeleton (Crypt:1)
  A hound (shapeshifter) (Vaults:4)
  17 orc wizards
  A centaur skeleton (D:10)
  4 iguanas
  A bullfrog skeleton (D:10)
  5 hell rats (Lair:4)
  10 worker ants
  A big kobold zombie (Crypt:1)
  A naga zombie (Crypt:3)
  A hound zombie (D:5)
  3 hound skeletons
  15 mummies
  A howler monkey zombie (D:10)
  7 gnolls
  13 adders
  A scorpion zombie (Crypt:2)
  3 shadow imps
  An ooze (D:1)
  2 adder zombies
  2 adder skeletons
  8 worms
  5 dart slugs
  3 leopard geckos
  102 orcs
  7 giant cockroaches
  6 goblins
  5 hobgoblins
  8 jackals
  34 kobolds
  4 quokkas
  3 ball pythons
  8 bats
  4 frilled lizards
  A leopard gecko skeleton (D:4)
  A quokka zombie (D:7)
  8 rats
  A river rat skeleton (Crypt:2)
  5 crawling corpses
  A fire vortex (D:13)
  A plant (D:9)
2153 creatures vanquished.

Vanquished Creatures (collateral kills)
  A guardian mummy (Tomb:2)
1 creature vanquished.

Vanquished Creatures (others)
  A tengu reaver (Crypt:3)
  An emperor scorpion (Spider:4)
  5 deep elf knights
  2 deep elf magi (Elf:1)
  A wolf spider (Spider:4)
  A cyclops (shapeshifter) (Vaults:4)
  A redback (Spider:4)
  A warg (Vaults:5)
  An orc warrior (Vaults:3)
  An ogre (Vaults:5)
  A swamp drake (Swamp:4)
  3 wights
  A jelly (D:9)
  An orc wizard (Vaults:2)
  3 mummies
  5 orcs
  19 fungi
  5 plants
53 creatures vanquished.

Grand Total: 2207 creatures vanquished

Notes
Turn   | Place    | Note
-------+----------+-------------------------------------------
     0 | D:1      | graki42 the Gargoyle Fighter began the quest for the Orb.
     0 | D:1      | Reached XP level 1. HP: 14/14 MP: 1/1
    62 | D:1      | Reached XP level 2. HP: 19/19 MP: 2/2
   363 | D:1      | Reached XP level 3. HP: 23/24 MP: 3/3
  1200 | D:2      | Reached XP level 4. HP: 28/29 MP: 4/4
  1490 | D:3      | Found a faded altar of an unknown god.
  1521 | D:3      | Reached skill level 1 in Dodging
  1699 | D:3      | Found a shimmering altar of Xom.
  1716 | D:3      | Reached XP level 5. HP: 33/33 MP: 5/5
  1785 | D:3      | Found a stormy altar of Qazlal.
  1789 | D:3      | Found a blossoming altar of Fedhas.
  1815 | D:3      | Reached skill level 4 in Shields
  1885 | D:3      | Found a deep blue altar of Sif Muna.
  2055 | D:3      | Found a runed door.
  2305 | D:3      | Noticed Crazy Yiuf
  2314 | D:3      | Killed Crazy Yiuf
  2430 | D:4      | Got a spiked plate armour
  2441 | D:4      | Identified the cursed +1 plate armour of Cloud Cover {*Drain Dex+5} (You found it on level 4 of the Dungeon)
  2469 | D:4      | Noticed a phantom
  2483 | D:4      | Killed a phantom
  2483 | D:4      | Reached XP level 6. HP: 37/38 MP: 6/6
  2745 | D:4      | Found a glowing drain.
  2771 | Sewer    | Entered a sewer
  2810 | Sewer    | Noticed Purgy
  2816 | Sewer    | Killed Purgy
  2816 | Sewer    | Reached XP level 7. HP: 44/44 MP: 7/7
  2826 | Sewer    | Upgraded the game from 0.20-a0-1062-g7b787ac to 0.20-a0-1065-g8446734
  2918 | D:4      | Reached skill level 5 in Shields
  3131 | D:5      | Entered Level 5 of the Dungeon
  3190 | D:5      | Reached skill level 5 in Maces & Flails
  3247 | D:5      | Reached skill level 5 in Armour
  3293 | D:5      | Found a glowing golden altar of the Shining One.
  3345 | D:5      | Noticed Yermak's ghost (novice TeBe)
  3353 | D:5      | Killed Yermak's ghost
  3353 | D:5      | Reached skill level 5 in Fighting
  3353 | D:5      | Reached XP level 8. HP: 49/49 MP: 8/8
  3376 | D:5      | Found Zin's Purification Station.
  3377 | D:5      | Found a glowing silver altar of Zin.
  3487 | D:5      | Found a staircase to the Ecumenical Temple.
  3708 | Temple   | Entered the Ecumenical Temple
  3772 | Temple   | Became a worshipper of Warmaster Okawaru
  3826 | D:6      | Found a bloodstained altar of Trog.
  4074 | D:6      | Reached skill level 6 in Shields
  4368 | D:6      | Reached * piety under Okawaru
  4368 | D:6      | Reached XP level 9. HP: 55/55 MP: 9/9
  5240 | D:7      | Reached skill level 7 in Shields
  5553 | D:7      | Noticed Duvessa
  5553 | D:7      | Noticed Dowan
  5572 | D:7      | Reached ** piety under Okawaru
  5592 | D:7      | Killed Duvessa
  5604 | D:7      | Killed Dowan
  5674 | D:7      | Reached XP level 10. HP: 60/61 MP: 10/10
  5843 | D:8      | Reached *** piety under Okawaru
  5925 | D:8      | Found an opulent altar of Gozag.
  6125 | D:8      | Reached skill level 1 in Stealth
  6138 | D:8      | Reached skill level 10 in Maces & Flails
  6140 | D:8      | Reached skill level 8 in Shields
  6318 | D:8      | Got a clouded copper ring
  6330 | D:8      | Noticed Joseph
  6342 | D:8      | Killed Joseph
  6342 | D:8      | Reached **** piety under Okawaru
  6431 | D:8      | Found a hazy altar of Hepliaklqana.
  6739 | D:8      | Noticed Erica
  6772 | D:8      | Killed Erica
  6800 | D:8      | Identified the cursed ring of Exhibitionism {rElec rF+ AC-2 Int+2} (You found it on level 8 of the Dungeon)
  7018 | D:9      | Reached ***** piety under Okawaru
  7020 | D:9      | Noticed a two-headed ogre
  7031 | D:9      | Killed a two-headed ogre
  7031 | D:9      | Reached skill level 9 in Shields
  7031 | D:9      | Reached XP level 11. HP: 56/68 MP: 11/11
  7195 | D:9      | Received a gift from Okawaru
  7240 | D:9      | Found a staircase to the Lair.
  7297 | D:9      | Noticed a deep elf mage
  7589 | D:9      | Found Loeciojo's Distillery.
  7734 | D:9      | Found a sacrificial altar of Ru.
  7959 | Lair:1   | Entered Level 1 of the Lair of Beasts
  7959 | Lair:1   | Noticed Prince Ribbit
  7973 | Lair:1   | Killed Prince Ribbit
  8121 | Lair:1   | Reached skill level 10 in Shields
  8140 | Lair:1   | Noticed Harold
  8141 | Lair:1   | Noticed Nergalle
  8177 | Lair:1   | Killed Nergalle
  8177 | Lair:1   | Received a gift from Okawaru
  8196 | Lair:1   | Killed Harold
  8248 | Lair:1   | Identified a scroll of acquirement
  8249 | Lair:1   | Got a slimy copper ring
  8250 | Lair:1   | Identified the ring "Avumuum" {rF+ rC- MR+ Str+8 Int-3} (You acquired it on level 1 of the Lair of Beasts)
  8360 | D:9      | Killed an unseen horror
  8360 | D:9      | Reached skill level 1 in Invocations
  8360 | D:9      | Reached XP level 12. HP: 67/76 MP: 12/12
  8641 | Lair:1   | Reached skill level 11 in Shields
  8818 | Lair:1   | Reached ****** piety under Okawaru
  9069 | Lair:2   | Received a gift from Okawaru
  9176 | Lair:2   | Reached skill level 10 in Fighting
  9581 | Lair:2   | Found a staircase to the Swamp.
 10122 | Lair:3   | Noticed a four-headed hydra
 10132 | Lair:3   | Killed a four-headed hydra
 10191 | Lair:3   | Found a hole to the Spider Nest.
 10818 | Lair:4   | Reached skill level 12 in Shields
 10996 | Lair:4   | Reached XP level 13. HP: 84/84 MP: 14/14
 11344 | Lair:4   | Received a gift from Okawaru
 11812 | Lair:5   | Got a crude platinum ring
 11815 | Lair:5   | Identified the ring "Siesm" {+Inv rF- Int+2 Dex+2} (You acquired it on level 5 of the Lair of Beasts)
 12253 | Lair:5   | Got a shimmering cloak
 12289 | Lair:5   | Identified the +0 cloak "Wyratila" {rN+} (You found it on level 5 of the Lair of Beasts)
 12493 | Lair:5   | Reached skill level 13 in Shields
 12583 | Lair:6   | Entered Level 6 of the Lair of Beasts
 12827 | Lair:6   | Received a gift from Okawaru
 12830 | Lair:6   | Got an ancient hat {god gift}
 12841 | Lair:6   | Identified the +0 hat of the First Snow {Regen+} (Okawaru gifted it to you on level 6 of the Lair of Beasts)
 12864 | Lair:6   | Noticed Josephine
 12868 | Lair:6   | Found a staircase to the Slime Pits.
 12885 | Lair:6   | Killed Josephine
 12970 | Lair:6   | Gained mutation: Your large and strong wings let you fly indefinitely. [Gargoyle growth]
 12970 | Lair:6   | Reached XP level 14. HP: 92/92 MP: 15/15
 13127 | Lair:6   | Reached skill level 10 in Armour
 13167 | Lair:6   | Noticed a dire elephant
 13169 | Lair:6   | Reached skill level 14 in Shields
 13225 | Lair:6   | Killed a dire elephant
 13451 | Lair:6   | Received a gift from Okawaru
 14092 | D:10     | Entered Level 10 of the Dungeon
 14362 | D:10     | Noticed Maurice
 14394 | D:10     | Killed Maurice
 15066 | D:11     | Found a hide-covered altar of Uskayaw.
 15070 | D:11     | Noticed Fannar
 15087 | D:11     | Killed Fannar
 15439 | D:11     | Found a staircase to the Orcish Mines.
 15951 | Orc:1    | Entered Level 1 of the Orcish Mines
 16430 | Orc:1    | Received a gift from Okawaru
 16653 | Orc:2    | Entered Level 2 of the Orcish Mines
 16675 | Orc:2    | Reached skill level 15 in Shields
 16918 | Orc:2    | Found a staircase to the Elven Halls.
 17056 | Orc:2    | Reached XP level 15. HP: 71/98 MP: 16/16
 17183 | Orc:2    | Found Xoaptum's General Store.
 17186 | Orc:2    | Found Tuymypsa's Food Shop.
 17225 | Elf:1    | Entered Level 1 of the Elven Halls
 17476 | Orc:2    | Found Pijaob's Armour Emporium.
 17539 | Orc:2    | Received a gift from Okawaru
 17866 | Orc:2    | Got a pair of blackened boots {god gift}
 17877 | Orc:2    | Identified the +5 pair of boots "Evupuschoxt" {rC++ Stlth+} (Okawaru gifted it to you on level 2 of the Orcish Mines)
 17984 | Orc:2    | Found Tengeinu's Antique Weapon Emporium.
 17984 | Orc:2    | Found a one-way gate leading to the halls of Pandemonium.
 17984 | Orc:2    | Found Peutwusch's Gadget Shoppe.
 18033 | Orc:2    | Bought a +1 crystal plate armour for 1479 gold pieces
 18490 | Spider:1 | Entered Level 1 of the Spider Nest
 18614 | Spider:1 | Reached skill level 15 in Maces & Flails
 18770 | Spider:1 | Reached skill level 16 in Shields
 18840 | Spider:1 | Received a gift from Okawaru
 19484 | Spider:2 | Received a gift from Okawaru
 19687 | Spider:2 | Reached XP level 16. HP: 105/105 MP: 17/17
 20272 | Spider:3 | Noticed Arachne
 20351 | Spider:2 | Killed Arachne
 20351 | Spider:2 | Received a gift from Okawaru
 20358 | Spider:2 | Got a bloodstained hand axe {god gift}
 20443 | Spider:3 | Noticed Kirke
 20454 | Spider:3 | Killed Kirke
 20454 | Spider:3 | Reached skill level 17 in Shields
 20705 | Spider:3 | Noticed Aizul
 20743 | Spider:3 | Killed Aizul
 20743 | Spider:3 | Received a gift from Okawaru
 20832 | Spider:3 | Got a fine crystal plate armour {god gift}
 20850 | Spider:3 | Identified the +2 crystal plate armour of Anguc {*Corrode rPois rC+ Str+4} (Okawaru gifted it to you on level 3 of the Spider Nest)
 21240 | Spider:4 | Entered Level 4 of the Spider Nest
 21280 | Spider:4 | Noticed Roxanne
 21471 | Spider:4 | Killed Roxanne
 21472 | Spider:4 | Identified Roxanne's Catalogue of the Mountains (You took it off Roxanne on level 4 of the Spider Nest)
 22131 | Spider:4 | Received a gift from Okawaru
 22146 | Spider:4 | Reached skill level 18 in Shields
 22200 | Spider:4 | Reached XP level 17. HP: 93/112 MP: 18/18
 22292 | Spider:4 | Reached skill level 15 in Fighting
 22792 | Spider:4 | Got a gossamer rune of Zot
 22967 | Lair:1   | Identified the +1 hand axe of the Lame Duck {venom, Dex+2 SInv} (Okawaru gifted it to you on level 2 of the Spider Nest)
 23265 | Swamp:1  | Entered Level 1 of the Swamp
 23323 | Swamp:1  | Got a crude bone ring
 23325 | Swamp:1  | Identified the ring "Tyc Utuy" {Wiz Slay+2} (You found it on level 1 of the Swamp)
 23686 | Swamp:1  | Received a gift from Okawaru
 24551 | Swamp:2  | Identified Sif Muna's Handbook of the Doomed Rocks
 24881 | Swamp:3  | Received a gift from Okawaru
 25193 | Swamp:3  | Reached skill level 19 in Shields
 25434 | Swamp:3  | Found a basalt altar of Yredelemnul.
 25585 | Swamp:3  | Found an opulent altar of Gozag.
 25926 | Swamp:4  | Entered Level 4 of the Swamp
 26224 | Swamp:4  | Reached XP level 18. HP: 120/120 MP: 19/19
 26336 | Swamp:4  | Received a gift from Okawaru
 26862 | Swamp:4  | Got a decaying rune of Zot
 27155 | Lair:1   | Got a wavering pewter amulet
 27156 | Lair:1   | Identified the amulet "Afeisia" {RegenMP Int+4} (You acquired it on level 1 of the Lair of Beasts)
 27341 | Elf:1    | Reached skill level 20 in Shields
 27730 | Elf:1    | Received a gift from Okawaru
 27795 | Elf:1    | Identified the Reference Book on Creation
 27996 | Elf:1    | Found Vuumnatse's Food Shop.
 28487 | Elf:2    | Found an ancient bone altar of Kikubaaqudgha.
 28538 | Elf:2    | Found Ylieg's Antique Weapon Boutique.
 28552 | Elf:2    | Bought a scorched mace for 304 gold pieces
 28552 | Elf:2    | Identified the +3 mace of Bile {crush, rF+++ Str-3 Int-2 SInv} (You bought it in a shop on level 2 of the Elven Halls)
 28785 | Elf:2    | Received a gift from Okawaru
 28792 | Elf:2    | Got a slimy flail {god gift}
 28847 | Elf:2    | Identified the +1 flail "Fuheawun" {crush, *Corrode Str+5 Stlth+} (Okawaru gifted it to you on level 2 of the Elven Halls)
 28899 | Elf:2    | Reached XP level 19. HP: 120/127 MP: 20/20
 29061 | Elf:2    | Found a huge runed gate.
 29061 | Elf:2    | Found a huge runed gate.
 29061 | Elf:2    | Found a huge runed gate.
 29061 | Elf:2    | Found a huge runed gate.
 29065 | Elf:2    | Found a huge runed gate.
 29287 | Elf:2    | Gained mutation: You have sharp toenails. [a neqoxec]
 29348 | Elf:2    | Reached skill level 21 in Shields
 29379 | Elf:2    | Received a gift from Okawaru
 29592 | Elf:3    | Entered Level 3 of the Elven Halls
 29635 | Elf:3    | Found a frozen archway.
 29644 | IceCv    | Entered an ice cave
 30340 | Elf:3    | Received a gift from Okawaru
 30466 | Elf:3    | Received a gift from Okawaru
 30764 | Elf:3    | Noticed a Tzitzimitl
 30766 | Elf:3    | Noticed a Brimstone Fiend
 31042 | Elf:3    | Noticed a Tzitzimitl
 31208 | Elf:3    | Noticed a Brimstone Fiend
 31212 | Elf:3    | Noticed a Hell Sentinel
 31215 | Elf:3    | Reached skill level 22 in Shields
 31227 | Elf:3    | Got a scorched silver amulet
 31399 | Elf:3    | Received a gift from Okawaru
 31423 | Elf:3    | Reached XP level 20. HP: 134/134 MP: 18/21
 31551 | Elf:3    | Noticed a Tzitzimitl
 31709 | Elf:3    | Got a faintly humming ring mail {god gift}
 31802 | Elf:3    | Identified the +7 ring mail of Coalov {Regen+} (Okawaru gifted it to you on level 3 of the Elven Halls)
 31854 | Elf:3    | Identified the Incunabulum of Earth and Intoxication
 32225 | Lair:1   | Identified the amulet of Beozeamp {*Contam +Rage Int+4 Slay+2} (You took it off a deep elf master archer on level 3 of the Elven Halls)
 32314 | D:12     | Found Leurhaen's Weapon Shop.
 33537 | D:13     | Noticed Nessos
 33549 | D:13     | Killed Nessos
 33771 | D:14     | Found a stormy altar of Qazlal.
 33794 | D:14     | Noticed Urug
 33803 | D:14     | Noticed Rupert
 33825 | D:14     | Found a gate to the Vaults.
 33864 | D:14     | Killed Rupert
 33867 | D:14     | Killed Urug
 33936 | D:14     | Received a gift from Okawaru
 34437 | D:14     | Found a bloodstained altar of Trog.
 34551 | D:15     | Entered Level 15 of the Dungeon
 34557 | D:15     | Found a labyrinth entrance.
 34566 | Lab      | Entered a labyrinth
 37568 | Vaults:1 | Entered Level 1 of the Vaults
 37653 | Vaults:1 | Received a gift from Okawaru
 37729 | Vaults:1 | Got a pitted morningstar {god gift}
 37730 | Vaults:1 | Identified the +6 morningstar "Hosiocek" {holy, +Blink rF+} (Okawaru gifted it to you on level 1 of the Vaults)
 38030 | Vaults:2 | Reached skill level 15 in Armour
 38083 | Vaults:2 | Reached skill level 23 in Shields
 38658 | Vaults:1 | Got a translucent pewter ring
 38660 | Vaults:1 | Identified the ring "Rigus" {*Slow rC+ Str+4 SInv} (You acquired it on level 1 of the Vaults)
 39072 | Vaults:1 | Received a gift from Okawaru
 39088 | Vaults:1 | Reached XP level 21. HP: 141/141 MP: 22/22
 40014 | Vaults:2 | Found a staircase to the Crypt.
 40087 | Vaults:2 | Found Unogarhoto's Magic Scroll Shoppe.
 40101 | Vaults:2 | Bought a scroll of enchant armour for 75 gold pieces
 40174 | Vaults:2 | Noticed Saint Roka
 40229 | Vaults:2 | Killed Saint Roka
 40774 | Vaults:2 | Received a gift from Okawaru
 41635 | Vaults:2 | Reached skill level 24 in Shields
 41851 | Vaults:3 | Noticed Asterion
 41868 | Vaults:3 | Killed Asterion
 41905 | Vaults:3 | Received a gift from Okawaru
 42140 | Vaults:3 | Reached XP level 22. HP: 148/148 MP: 23/23
 42271 | Vaults:3 | Received a gift from Okawaru
 43231 | Vaults:3 | Received a gift from Okawaru
 43234 | Vaults:3 | Got a pair of dazzling gloves {god gift}
 43245 | Vaults:3 | Identified the +2 pair of gloves "Wooliruf" {+Fly rElec} (Okawaru gifted it to you on level 3 of the Vaults)
 44096 | Vaults:4 | Got a bloodstained large shield
 44267 | Vaults:4 | Received a gift from Okawaru
 44307 | Vaults:4 | Reached skill level 25 in Shields
 44902 | Vaults:4 | Received a gift from Okawaru
 44922 | Vaults:4 | Reached XP level 23. HP: 154/155 MP: 24/24
 44934 | Vaults:4 | Got an iridescent flail {god gift}
 44935 | Vaults:4 | Identified the +8 flail of Cuborph {protect, rElec rC+ Int-3 Stlth+} (Okawaru gifted it to you on level 4 of the Vaults)
 44947 | Vaults:4 | Identified the +4 large shield of the Wumpus {+Fly rC+ Str-4} (You found it on level 4 of the Vaults)
 46062 | Vaults:5 | Entered Level 5 of the Vaults
 46261 | Vaults:4 | Received a gift from Okawaru
 46542 | Vaults:5 | Found Timpin's Magic Scroll Boutique.
 46546 | Vaults:5 | Bought a scroll of brand weapon for 420 gold pieces
 46667 | Vaults:5 | Received a gift from Okawaru
 46975 | Vaults:5 | Found Jasir's Magic Scroll Emporium.
 46979 | Vaults:5 | Bought a scroll of enchant weapon for 105 gold pieces
 46979 | Vaults:5 | Bought 2 scrolls of enchant weapon for 210 gold pieces
 47012 | Vaults:5 | Reached skill level 26 in Shields
 47026 | Vaults:5 | Noticed a golden dragon
 47054 | Vaults:5 | Killed a golden dragon
 47097 | Vaults:5 | Found Pioz's Magic Scroll Boutique.
 47130 | Vaults:5 | Found Sacathob's Magic Scroll Emporium.
 47143 | Vaults:5 | Bought a scroll of enchant weapon for 97 gold pieces
 47143 | Vaults:5 | Bought a scroll of enchant weapon for 97 gold pieces
 47150 | Vaults:5 | Found Zoxtidgh's Food Shop.
 47159 | Vaults:5 | Found Wousub's Magic Scroll Shoppe.
 47194 | Vaults:5 | Found Peaq's Food Shop.
 47202 | Vaults:5 | Found Vintatuf's Distillery.
 47206 | Vaults:5 | Bought a potion of heal wounds for 100 gold pieces
 47206 | Vaults:5 | Bought a potion of heal wounds for 100 gold pieces
 47380 | Vaults:5 | Received a gift from Okawaru
 47405 | Vaults:5 | Got a brightly glowing shield {god gift}
 47416 | Vaults:5 | Identified the +4 shield "Hexa" {rElec rF++ rC- Stlth+} (Okawaru gifted it to you on level 5 of the Vaults)
 47456 | Vaults:5 | Identified the Guide on Enhancements and Arcane Weapons
 47476 | Vaults:5 | Identified Eraump's Volume of Igneous Stolen Souls
 47524 | Vaults:5 | Reached XP level 24. HP: 162/162 MP: 25/25
 48109 | Vaults:5 | Got a silver rune of Zot
 48240 | Vaults:5 | Identified the Almanac of Flying Changing
 48541 | Lair:1   | Got a heavily runed diamond amulet
 48542 | Lair:1   | Identified the amulet "Riynn" {RegenMP MP+9 Int+2 SInv} (You acquired it on level 1 of the Lair of Beasts)
 48904 | Vaults:5 | Identified the Incunabulum of Feathers and Illusion
 49002 | Vaults:5 | Got a steaming mace
 49131 | Vaults:5 | Identified the +9 mace "Coseo" {crush, +Rage rF+ rC- rN+} (You found it on level 5 of the Vaults)
 49248 | Crypt:1  | Entered Level 1 of the Crypt
 49248 | Crypt:1  | Noticed Jorgrun
 49261 | Crypt:1  | Killed Jorgrun
 49450 | Crypt:1  | Received a gift from Okawaru
 50852 | Crypt:3  | Entered Level 3 of the Crypt
 51039 | Crypt:3  | Reached skill level 27 in Shields
 51083 | Crypt:3  | Found an ancient bone altar of Kikubaaqudgha.
 51083 | Crypt:3  | Noticed an ancient lich
 51096 | Crypt:3  | Killed an ancient lich
 51108 | Crypt:3  | Received a gift from Okawaru
 51116 | Crypt:3  | Got a steaming scale mail {god gift}
 51117 | Crypt:3  | Identified the +5 scale mail of Taphonn {+Fly rElec Dex-3 Stlth-} (Okawaru gifted it to you on level 3 of the Crypt)
 51169 | Crypt:3  | Reached XP level 25. HP: 159/169 MP: 25/25
 51184 | Crypt:3  | Got a steaming copper ring
 51184 | Crypt:3  | Got a faintly glowing bone ring
 51244 | Crypt:3  | Noticed Sojobo
 51666 | Crypt:3  | Killed Sojobo
 52314 | Crypt:3  | Noticed Frederick
 52332 | Crypt:3  | Killed Frederick
 52338 | Crypt:3  | Found a staircase to the Tomb.
 52455 | Crypt:3  | Identified the ring "Zymnutoz" {rC- rN+ Int+8} (You found it on level 3 of the Crypt)
 52457 | Crypt:3  | Identified the ring of Conformity {*Drain rF+ rN+ Dex+4 Stlth-} (You found it on level 3 of the Crypt)
 53154 | Tomb:1   | Entered Level 1 of the Tomb of the Ancients
 53391 | Tomb:1   | Got a smoking morningstar
 53392 | Tomb:1   | Identified the +3 morningstar "Sarphigg" {drain, rN+} (You acquired it on level 1 of the Tomb of the Ancients)
 53755 | Tomb:1   | Noticed a greater mummy
 53792 | Tomb:1   | Killed a greater mummy
 53792 | Tomb:1   | Received a gift from Okawaru
 53978 | Tomb:1   | Got a distressingly furry cloak {god gift}
 53979 | Tomb:1   | Identified the +2 cloak of Zext {Dex+2} (Okawaru gifted it to you on level 1 of the Tomb of the Ancients)
 54132 | Tomb:1   | Noticed Mara
 54137 | Tomb:1   | Noticed graki42's illusion
 54195 | Tomb:1   | Killed Mara
 54718 | Tomb:2   | Noticed a greater mummy
 54718 | Tomb:2   | Noticed a greater mummy
 54718 | Tomb:2   | Noticed a greater mummy
 54718 | Tomb:2   | Noticed a greater mummy
 54763 | Tomb:2   | HP: 3/172 [lich/bolt of acid (36)]
 54763 | Tomb:2   | Splashed by a lich's acid

Vault maps used:
D:1:      dpeg_arrival_houses_and_road, minmay_split_cup_small
D:2:      kennysheep_generic_room_5
D:3:      grunt_temple_overflow_forces_of_nature, brannock_xom_greatest_gift,
          tgw_sif, chequers_ecumenical_altar_island, uniq_crazy_yiuf_cottage
D:4:      cheibrodos_sewer_entry_bend
D:5:      lemuel_doored_altar, zin_purify, minmay_temple_entry_junction,
          first_bread
D:6:      bloody_trog, kennysheep_windowed_goal
D:7:      grunt_livestock, uniq_duvessa
D:8:      old_standard_altar, nicolae_gozag_cash_rules_everything_around_me,
          grunt_decor_cap, uniq_erica, uniq_joseph
D:9:      kennysheep_mini, due_lair_maze_entry_diamond, special_room,
          serial_shops, shop, minivault_12
D:10:     uniq_maurice
D:11:     orc_0_dummy, basic_altar, uniq_fannar
D:12:     serial_shops, nicolae_shop_waterfront
D:13:     kennysheep_small_spiral, kennysheep_nub, uniq_nessos
D:14:     david_vaults_3, basic_altar, hangedman_abyss_or_decor_passed,
          grunt_ministairs_12, lemuel_tele_altar
D:15:     grunt_enter_depths_magical_seal, lab_entry_generic
Temple:   nicolae_temple_hex_pool
Lair:1:   lemuel_fruit_fields, infiniplex_staircase_pool, uniq_prince_ribbit2,
          uniq_nergalle, uniq_harold
Lair:2:   minmay_swamp_entry_worms, infiniplex_staircase_pool_2
Lair:3:   spider_nest_entry_webs
Lair:4:   cheibrodos_lair_caveside_slide
Lair:5:   lemuel_fruit_fields
Lair:6:   grunt_lair_end_beastmaster, minmay_slime_entry_pillars,
          serial_bayou_shore_a, grunt_megastairs_5, uniq_josephine
Swamp:1:  evilmike_swamp_ruin_rubble_1
Swamp:2:  evilmike_swamp_ruin_house_5
Swamp:3:  basic_altar, swamp_pool3, grunt_ruined_hall
Swamp:4:  swamp_basic_johnstein, swamp_pool4
Spider:3: spider_trap, uniq_arachne, uniq_aizul, uniq_kirke
Spider:4: grunt_spider_rune_island, uniq_roxanne
Orc:1:    special_room
Orc:2:    pf_orc_diabolical, serial_shops, nicolae_shop_crystal
Elf:1:    serial_shops, nicolae_shop_competitors_out_of_business,
          minmay_elf_demonology, nooodl_food_tri
Elf:2:    serial_shops, nicolae_shop_overgrown_old_shop, basic_altar
Elf:3:    elf_hall, portal_ice_cave_entry_pillars_three
Vaults:1: nicolae_vaults_rhombus_5, hangedman_vaults_stagger,
          nicolae_vaults_alarming, v_misc_15, vaults_mumra_minichess_inversion,
          hangedman_vaults_cutoff, vaults_room_pool, v_alt_pattern_4,
          dpeg_vaults_monster_box, nicolae_vaults_yaktaur_gun_rack
Vaults:2: minmay_crypt_entry_simple_sparse, nicolae_vaults_what_the_h, v_misc_5,
          v_misc_3, hangedman_vaults_trim, grunt_vaults_swirl,
          nicolae_vaults_mini_display_case, vaults_dpeg_diagonal,
          vaults_room_stairs_pillars, serial_shops, shop, uniq_saint_roka
Vaults:3: v_pattern_1, ontoclasm_vaults_shout, nicolae_vaults_arrows,
          nicolae_vaults_network_barrier, v_misc_4, nicolae_vaults_shelves_hall,
          hangedman_vaults_slice, nicolae_vaults_hallways_thing,
          ontoclasm_vaults_claustrophobia, nicolae_vaults_border_crossing,
          nicolae_vaults_specimen_jars, uniq_asterion
Vaults:4: hangedman_vaults_locks, nicolae_vaults_ring_of_whatevers,
          hangedman_vaults_snaps, st_lattice, ontoclasm_vaults_ring_large,
          nicolae_vaults_little_squares_2, v_rooms_6, nicolae_vaults_big_ls,
          vaults_standard_mumra_enter_the_diamond, ontoclasm_vaults_chip,
          grunt_vaults_focal, nicolae_vaults_little_squares_4,
          grunt_vaults_hallway_short
Crypt:1:  nicolae_crypt_ancient_font, minmay_misc_feat_pillars,
          st_small_mortuary, uniq_jorgrun
Crypt:3:  cryptofortress_bobbens, uniq_sojobo, uniq_frederick
Tomb:1:   uniq_mara
Tomb:2:   uniq_jory, uniq_mennas
Lab:      nicolae_lab_hexagon, nicolae_lab_lava
Sewer:    sewer_big_baddie
IceCv:    ice_cave_statue_garden_chambered

Skill      XL: |  1  2  3  4  5  6  7  8  9 10 11 12 13 14 15 16 17 18 19 20 21 22 23 24 25 |
---------------+----------------------------------------------------------------------------+-----
Armour         | 4 5 6 7 8 9 10 12 13 14 15 16 17 18 19 | 19.6
Dodging        | 1 2 3 |  3.4
Fighting       | 4 5 6 7 9 10 12 13 14 15 16 17 18 19 20 21 | 21.7
Shields        | 4 5 6 7 9 10 12 13 15 16 18 19 20 22 23 24 25 26 27 | 27.0
Maces & Flails | 3 4 6 7 9 11 12 13 14 15 16 17 18 19 20 | 20.9
Stealth        | 1 3 |  3.9
Invocations    | 1 2 3 |  3.3
Evocations     | |  0.6

Action                   |  1- 3 |  4- 6 |  7- 9 | 10-12 | 13-15 | 16-18 | 19-21 | 22-24 | 25-27 || total
-------------------------+-------+-------+-------+-------+-------+-------+-------+-------+-------++-------
Melee: Flail             |   121 |   172 |   223 |       |       |       |       |       |       ||   516
       Morningstar       |       |       |   136 |   305 |       |       |       |   513 |   378 ||  1332
       Demon whip        |       |       |       |   625 |  2225 |  2664 |  3335 |  2518 |   547 || 11914
Throw: Throwing net      |       |       |       |       |       |       |     1 |       |       ||     1
Invok: Heroism           |       |       |       |     2 |     3 |     3 |     7 |     5 |     2 ||    22
       Finesse           |       |       |       |     1 |     1 |       |     2 |     1 |     1 ||     6
 Abil: Evoke Berserk Rag |       |       |     1 |       |       |       |       |       |       ||     1
       Stop Flying       |       |       |       |       |     1 |     5 |       |       |       ||     6
       Fly               |       |       |       |       |     1 |     1 |       |       |       ||     2
Evoke: Wand              |       |       |       |     1 |     2 |       |     5 |       |       ||     8
  Use: Scroll            |       |    13 |     5 |    10 |    10 |    13 |    11 |    15 |    12 ||    89
       Potion            |       |     1 |     1 |     1 |     1 |     2 |       |     1 |     1 ||     8
 Stab: Petrified         |       |       |       |       |     9 |       |       |       |       ||     9
       Petrifying        |       |       |       |       |     1 |       |       |       |       ||     1
       Confused          |       |       |       |       |       |     1 |       |       |       ||     1
  Eat: Chunk             |     1 |     6 |    11 |    18 |    27 |    25 |    34 |    24 |       ||   146
       Royal jelly       |       |       |       |     3 |     2 |     5 |       |       |     1 ||    11
       Fruit             |       |       |       |       |     1 |     2 |     2 |       |     3 ||     8
       Meat ration       |       |       |       |       |     1 |       |     1 |     1 |     1 ||     4
       Bread ration      |       |       |       |       |       |       |     2 |     1 |     2 ||     5
Armor: Scale mail        |    75 |    61 |       |       |       |       |       |       |       ||   136
       Plate armour      |       |    41 |   183 |   400 |   614 |       |       |       |       ||  1238
       Crystal plate arm |       |       |       |       |   369 |  1429 |   904 |   787 |   354 ||  3843
Dodge: Dodged            |    27 |    61 |    47 |   195 |   495 |   467 |   290 |   299 |   127 ||  2008
Block: Shield            |    59 |    98 |   200 |   523 |  1407 |  1254 |       |       |       ||  3541
       Large shield      |       |       |       |       |       |   849 |  2883 |  2766 |  1266 ||  7764
       Reflection        |       |       |       |       |       |       |       |     8 |     1 ||     9
